 Dungeon Crawl Stone Soup version 0.18.1-48-g4cf74bf (webtiles) character file.

370 Nadrilmar the Conjurer (level 6, -10/32 HPs)
             Began as a Deep Elf Conjurer on Sept 3, 2016.
             Was a Follower of Yredelemnul.
             Mangled by an orc warrior
             ... wielding a +0 dire flail
              (28 damage)
             ... on level 4 of the Dungeon.
             The game lasted 00:29:17 (3478 turns).

Nadrilmar the Conjurer (Deep Elf Conjurer)          Turns: 3478, Time: 00:29:18

Health: -10/32     AC:  4    Str:  5    XL:     6   Next: 42%
Magic:  6/17       EV: 18    Int: 22    God:    Yredelemnul [*.....]
Gold:   189        SH:  0    Dex: 15    Spells: 4 memorised, 7 levels left

rFire  + . .     SeeInvis .     m - +0 falchion (freeze)
rCold  + . .     Gourm    .     n - +2 robe {rC+}
rNeg   . . .     Faith    .     (no shield)
rPois  .         Spirit   .     (no helmet)
rElec  .         Dismiss  .     (no cloak)
rCorr  .         Reflect  .     (no gloves)
SustAt .         Harm     .     (no boots)
MR     .....                    (no amulet)
Stlth  ++........               l - +5 ring of evasion
                                i - ring of protection from fire

@: not resistant to hostile enchantments, unstealthy
A: no striking features
a: Animate Remains, Renounce Religion


You were on level 4 of the Dungeon.
You worshipped Yredelemnul.
Yredelemnul was aware of your devotion.
You were not hungry.

You visited 1 branch of the dungeon, and saw 4 of its levels.

You collected 189 gold pieces.

Inventory:

Hand Weapons
 d - a +1 dagger
 m - a +0 falchion of freezing (weapon)
Armour
 a - a +1 robe
 n - a +2 robe of cold resistance (worn)
Jewellery
 e - an uncursed ring of fire
 i - a ring of protection from fire (left hand)
 l - a +5 ring of evasion (right hand)
Scrolls
 g - a scroll of amnesia
 u - 3 scrolls of blinking
 w - a scroll of noise {unknown}
Potions
 c - a potion of agility {unknown}
 f - a potion of haste {unknown}
 k - 3 potions of curing {unknown}
 q - a potion of mutation {unknown}
 t - a potion of flight {unknown}
Books
 b - a book of Conjurations

   Spells                             Type                      Level
   a - Magic Dart                     Conjuration                  1
   b - Searing Ray                    Conjuration                  2
   c - Dazzling Spray                 Conjuration/Hexes            3
   d - Fulminant Prism                Conjuration/Hexes            4
   e - Iskenderun's Mystic Blast      Conjuration                  4
   f - Iskenderun's Battlesphere      Conjuration/Charms           5
 o - a book of Fire

   Spells                             Type                      Level
   a - Ignite Poison                  Fire/Transmutation/Poison    3
   b - Fireball                       Conjuration/Fire             5
   c - Bolt of Fire                   Conjuration/Fire             6
   d - Delayed Fireball               Conjuration/Fire             7
   e - Ring of Flames                 Charms/Fire                  7
 v - a book of Flames

   Spells                             Type                      Level
   a - Flame Tongue                   Conjuration/Fire             1
   b - Throw Flame                    Conjuration/Fire             2
   c - Conjure Flame                  Conjuration/Fire             3
   d - Inner Flame                    Hexes/Fire                   3
   e - Sticky Flame                   Conjuration/Fire             4
   f - Fireball                       Conjuration/Fire             5
Comestibles
 j - 3 bread rations
 r - a meat ration
 s - a beef jerky


   Skills:
 + Level 0.1 Fighting
 + Level 3.4 Dodging
 + Level 2.8 Stealth
 + Level 6.1 Spellcasting
 + Level 6.7 Conjurations
 + Level 0.3 Hexes


You had 7 spell levels left.
You knew the following spells:

 Your Spells              Type           Power        Failure   Level  Hunger
a - Magic Dart            Conj           ####         1%          1    None
b - Searing Ray           Conj           #####.       1%          2    None
c - Dazzling Spray        Conj/Hex       ###...       8%          3    #......
d - Iskenderun's Mystic   Conj           #####...     8%          4    ###....


Dungeon Overview and Level Annotations

Branches:
Dungeon (4/15)
 Temple: D:4-7

Altars:
Okawaru
Pakellas
Qazlal
Yredelemnul


Message History

Yredelemnul accepts your kill.
Your Spellcasting skill increases to level 6!
Casting: Searing Ray
Confirm with . or Enter, or press ? or * to list all spells.
Aiming: Searing Ray
Press: ? - help, Shift-Dir - straight line, f - orc warrior
Aim: an orc warrior, wielding a dire flail and wearing a chain mail (hasn't noticed you)
The searing ray hits the orc warrior.
The orc warrior shouts!
The searing ray misses the orc warrior.
The searing ray hits the orc warrior.
The orc warrior is lightly wounded.
The orc warrior hits you with a dire flail!
The searing ray hits the orc warrior.
The orc warrior is moderately wounded.
The orc warrior misses you.
The orc warrior hits you with a dire flail!!
Ouch! That really hurt!
You die...
Your body rises from the dead as a mindless zombie.

..# #.###..## ..#
##.####.)# ..##..#
#####...#...............
E# #.....)##.####..#....
####......##†...........
#.(..........(..........
##.##...................
#.##...#.......o.......
##.##.(.###.....@.......
....#...# #.............
###.##### #.............
#..######.............
##...............#.###
#...##########....#
##### ###.# ..# ..


You could see an orc warrior.

Vanquished Creatures
  An ogre (D:4)
  A big kobold (D:3)
  2 orc wizards
  A worker ant (D:4)
  4 adders
  3 oozes
  A dart slug (D:3)
  3 giant geckos
  11 orcs
  3 giant cockroaches
  6 goblins
  7 hobgoblins
  4 jackals (D:3)
  8 kobolds
  A quokka (D:4)
  11 bats
  5 giant newts
  6 rats
  2 fungi (D:3)
80 creatures vanquished.

Notes
Turn   | Place    | Note
--------------------------------------------------------------
     0 | D:1      | Nadrilmar the Deep Elf Conjurer began the quest for the Orb.
     0 | D:1      | Reached XP level 1. HP: 10/10 MP: 6/6
   147 | D:1      | Reached XP level 2. HP: 15/15 MP: 4/8
   151 | D:1      | Learned a level 2 spell: Searing Ray
   360 | D:1      | Reached skill level 5 in Conjurations
   572 | D:1      | Reached XP level 3. HP: 19/19 MP: 3/9
   577 | D:1      | Learned a level 3 spell: Dazzling Spray
  1280 | D:2      | Found a basalt altar of Yredelemnul.
  1457 | D:2      | Became a worshipper of Yredelemnul the Dark
  1504 | D:2      | Reached XP level 4. HP: 24/24 MP: 5/11
  1552 | D:2      | Found an iron altar of Okawaru.
  1922 | D:3      | Learned a level 4 spell: Iskenderun's Mystic Blast
  2141 | D:3      | Noticed a big kobold
  2172 | D:3      | Killed a big kobold
  2172 | D:3      | Reached XP level 5. HP: 26/28 MP: 2/13
  2718 | D:3      | Reached * piety under Yredelemnul
  3023 | D:4      | Noticed an ogre
  3023 | D:4      | Noticed an orc warrior
  3150 | D:3      | Reached skill level 5 in Spellcasting
  3173 | D:4      | Found an oddly glowing altar of Pakellas.
  3231 | D:4      | Killed an ogre
  3231 | D:4      | Reached XP level 6. HP: 32/32 MP: 4/16
  3407 | D:4      | Found a stormy altar of Qazlal.
  3409 | D:4      | Noticed a water elemental
  3411 | D:4      | Noticed a fire elemental
  3411 | D:4      | Noticed an air elemental
  3478 | D:4      | Mangled by an orc warrior

Skill      XL: |  1  2  3  4  5  6 |
---------------+-------------------+-----
Conjurations   | 5 6 |  6.7
Spellcasting   | 4 5 6 |  6.1
Dodging        | 3 |  3.4
Fighting       | |  0.1
Stealth        | |  2.8
Hexes          | |  0.3

Action                   |  1- 3 |  4- 6 || total
-------------------------+-------+-------++-------
Melee: Falchion          |       |    18 ||    18
 Cast: Magic Dart        |    68 |    80 ||   148
       Searing Ray       |     2 |    10 ||    12
       Dazzling Spray    |       |     3 ||     3
       Iskenderun's Myst |       |     3 ||     3
  Use: Scroll            |     5 |     4 ||     9
  Eat: Bread ration      |     1 |     1 ||     2
Armor: Robe              |     5 |     4 ||     9
Dodge: Dodged            |     5 |    20 ||    25
